 Dungeon Crawl Stone Soup version 0.32-a0-17-gb74e046682 (webtiles) character file.

Game seed: 15929565162609588303

63 sokol815 the Poker (level 4, -7/31 HPs)
             Began as an Octopode Gladiator on Jan 15, 2024.
             Mangled by an ogre
             ... wielding a +0 giant club
              (31 damage)
             ... on level 3 of the Dungeon.
             The game lasted 00:02:20 (1593 turns).

sokol815 the Poker (Octopode Gladiator)             Turns: 1593, Time: 00:02:21

Health: -7/31      AC:  1    Str: 13    XL:     4   Next: 9%
Magic:  4/4        EV: 14    Int: 10    God:
Gold:   111        SH:  0    Dex: 15    Spells: 3/3 levels left

rFire   . . .        a - +0 trident
rCold   . . .        (no shield)
rNeg    . . .        b - +0 hat
rPois   .            (no amulet)
rElec   .            g - ring of flight {+Fly, !d}
rCorr   .            (no ring)
SInv    .            (no ring)
Will    .....        (no ring)
Stlth   ++           (no ring)
HPRegen 0.25/turn    (no ring)
MPRegen 0.09/turn    (no ring)
                     (no ring)

%: no passive effects
@: flying
A: almost no armour, amphibious, 8 rings, camouflage 1, gelatinous body 1,
(nimble swimmer 1), tentacles
a: no special abilities


You were on level 3 of the Dungeon.
You visited 1 branch of the dungeon, and saw 3 of its levels.

You collected 111 gold pieces.

Inventory:

Hand Weapons
 a - a +0 trident (weapon)
 j - a +0 short sword of electrocution
   (You took it off a kobold on level 2 of the Dungeon)
Missiles
 c - 3 throwing nets {!d}
 d - a javelin
 e - 5 atropa-tipped darts
 s - 26 stones
Armour
 b - a +0 hat (worn)
Jewellery
 g - a ring of flight (left tentacle) {+Fly, !d}
   (You found it on level 1 of the Dungeon)
Scrolls
 h - a scroll of acquirement {unknown}
 i - 2 scrolls of immolation {unknown}
Potions
 f - 2 potions of heal wounds {unknown}
 k - a potion of enlightenment {unknown}


   Skills:
 + Level 3.3 Fighting
 + Level 4.0 Polearms
 - Level 2.0 Throwing
 - Level 3.0 Dodging


You had 3 spell levels left.
You didn't know any spells.
Your spell library was empty.

Dungeon Overview and Level Annotations

Branches:
Dungeon (3/15) Zot: 16395

Altars:


Innate Abilities, Weirdness & Mutations

You cannot wear most types of armour.
You are amphibious.
You can wear up to eight rings at the same time.
Your skin changes colour to match your surroundings (Stealth+).
Your rubbery body absorbs attacks. (AC +1, EV +1)
((You are camouflaged when in or above water. (Stealth+)))
You have tentacles for arms and can constrict up to eight enemies at once.


Message History

There is a stone staircase leading down here.
You see here a scarf of harm.
A goblin comes into view. It is wielding a +0 club.
The goblin shouts!
You hit the goblin but do no damage. You grab the goblin.
You constrict the goblin. The goblin barely misses you.
You hit the goblin. You constrict the goblin.
You kill the goblin!
Things that are here:
a +0 club; a goblin corpse You now have 95 gold pieces (gained 7).
A kobold comes into view.
It is wielding a +0 short sword of electrocution.
The kobold shouts!
You see here a scroll labelled VEILOTZIAHU.
You hit the kobold. Your grab misses the kobold. The kobold barely misses you.
The kobold closely misses you.
You hit the kobold.
You kill the kobold!
No target in view!
Things that are here:
a +0 short sword of electrocution; a kobold corpse
j - a +0 short sword of electrocution
i - 2 scrolls labelled VEILOTZIAHU (gained 1)
You see here a kobold corpse.
k - a white potion A kobold comes into view.
It is wielding a +0 whip.
You closely miss the kobold. You grab the kobold. You constrict the kobold.
The kobold hits you but does no damage.
You hit the kobold.
You kill the kobold!
No target in view!
s - 24 stones (gained 4)
You see here a +0 whip.
Done exploring.
There is a stone staircase leading down here.
You fly downwards.
There is a stone staircase leading up here.
You now have 111 gold pieces (gained 16).
A ball python comes into view.
You reach to attack!
The helpless ball python fails to defend itself.
You puncture the ball python!
You kill the ball python!
You have reached level 4!
Health restored: 31; MP restored: 4
Found a faded altar of an unknown god.
There is a faded altar of an unknown god here.
Found a stone staircase leading up.
A rat comes into view.
The rat squeaks loudly.
You reach to attack!
You hit the rat but do no damage. You barely miss the rat. You grab the rat.
You squeeze the rat.
You kill the rat!
No target in view!
No target in view!
You see here a rat corpse.
You see here a rat corpse.
There is a stone staircase leading up here.
A ball python comes into view.
You reach to attack!
The helpless ball python fails to defend itself.
You hit the ball python. You hit the ball python.
You kill the ball python!
Your Polearms skill increases to level 4!
No target in view!
s - 26 stones (gained 2)
A dart slug comes into view.
You reach to attack!
The helpless dart slug fails to defend itself.
You hit the dart slug.
You reach to attack!
You puncture the dart slug!
You kill the dart slug!
No target in view!
A quokka comes into view.
You reach to attack!
The helpless quokka fails to defend itself.
You hit the quokka. The quokka misses you.
You closely miss the quokka. You grab the quokka. You constrict the quokka.
The quokka barely misses you.
You barely miss the quokka.
You constrict the quokka, but do no damage.
The quokka closely misses you.
You hit the quokka.
You kill the quokka!
No target in view!
You see here a quokka corpse.
Found a stone staircase leading down.
No target in view!
An ogre comes into view. It is wielding a +0 giant club.
The ogre shouts!
You puncture the ogre! The ogre misses you.
You hit the ogre. Your squeeze misses the ogre. You barely miss the ogre.
The ogre hits you with a +0 giant club!
You take 7 damage, and have 24/31 hp.
MASSIVE DAMAGE!!
You puncture the ogre!
The ogre hits you with a +0 giant club!!
Ouch! That really hurt!
You die...

.#.# .#.# # .#.#
.# .#.###. .#.#.†
.#.#.# ########
.#.#.# #......#
.....# #.####.#
.....# #.# #@#
.....# #.#..O>#
.#.#.######.#.####
.#.#........#
.....########
.....# .....#
.....# ##.###


You could see an ogre.

Vanquished Creatures
  A gnoll (D:1)
  An adder (D:2)
  A ribbon worm (D:2)
  A dart slug (D:3)
  3 ball pythons
  4 bats
  3 endoplasms
  3 giant cockroaches
  3 goblins
  A hobgoblin (D:1)
  2 jackals (D:1)
  5 kobolds
  2 quokkas
  A frilled lizard (D:1)
  6 rats
37 creatures vanquished.

Notes
Turn   | Place    | Note
-------+----------+-------------------------------------------
     0 | D:1      | sokol815 the Octopode Gladiator began the quest for the
                  | Orb.
     0 | D:1      | Reached XP level 1. HP: 14/14 MP: 1/1
   105 | D:1      | HP: 4/21 [gnoll/+0 club (3)]
   108 | D:1      | HP: 1/21 [gnoll/+0 club (2)]
   111 | D:1      | Reached XP level 2. HP: 2/20 MP: 2/2
   415 | D:1      | Reached XP level 3. HP: 25/25 MP: 3/3
   864 | D:2      | Reached skill level 3 in Fighting
  1430 | D:3      | Reached XP level 4. HP: 31/31 MP: 4/4
  1437 | D:3      | Found a faded altar of an unknown god.
  1515 | D:3      | Reached skill level 4 in Polearms
  1589 | D:3      | Noticed an ogre
  1593 | D:3      | Mangled by an ogre

Illustrated notes

Levels and vault maps discovered:
D:1:      lemuel_arrival_room, layout_basic, serial_park_tiny_pond
D:2:      layout_loops_ring
D:3:      layout_basic, basic_ecumenical_altar

Skill      XL: |  1  2  3  4 |
---------------+-------------+-----
Fighting       | 3 |  3.3
Polearms       | 4 |  4.0
Throwing       | |  2.0
Dodging        | |  3.0

Action                     |  1- 3 |  4- 6 || total
---------------------------+-------+-------++-------
  Melee: Trident           |    76 |    14 ||    90
         Constrict         |    14 |     2 ||    16
         Tentacles         |     6 |     1 ||     7
         Punch             |     1 |       ||     1
    Use: Potion            |     1 |       ||     1
   Stab: Sleeping          |    13 |     3 ||    16
 Armour: Skin              |    38 |     2 ||    40
  Dodge: Dodged            |    31 |     4 ||    35

Table legend: (Time is in decaauts)
 A = Elapsed time spent in this place.
 B = Non-inter-level travel time spent in this place.
 C = Inter-level travel time spent in this place.
 D = Time resting spent in this place.
 E = Time spent auto-exploring this place.
 F = Levels seen in this place.
 G = Mean time per level.
                   A        B        C        D        E       F      G
               +--------+--------+--------+--------+--------+-----+--------+
         Total |   1603 |   1549 |     54 |    120 |   1198 |   3 |  534.3 |
       Dungeon |   1603 |   1549 |     54 |    120 |   1198 |   3 |  534.3 |
               +--------+--------+--------+--------+--------+-----+--------+

Top non-repeatable levels by time:
     D:1: 780 daAuts
     D:2: 645 daAuts
     D:3: 177 daAuts

Levels and vault maps discovered:
D:1:      lemuel_arrival_room, layout_basic, serial_park_tiny_pond
D:2:      layout_loops_ring
D:3:      layout_basic, basic_ecumenical_altar

Table legend: (Time is in decaauts)
 A = Elapsed time spent in this place.
 B = Non-inter-level travel time spent in this place.
 C = Inter-level travel time spent in this place.
 D = Time resting spent in this place.
 E = Time spent auto-exploring this place.
 F = Levels seen in this place.
 G = Mean time per level.
                   A        B        C        D        E       F      G
               +--------+--------+--------+--------+--------+-----+--------+
         Total |   1603 |   1549 |     54 |    120 |   1198 |   3 |  534.3 |
       Dungeon |   1603 |   1549 |     54 |    120 |   1198 |   3 |  534.3 |
               +--------+--------+--------+--------+--------+-----+--------+

Top non-repeatable levels by time:
     D:1: 780 daAuts
     D:2: 645 daAuts
     D:3: 177 daAuts

Table legend:
 A = Kills in this place as a percentage of kills in the entire game.
 B = Kills by you in this place as a percentage of kills by you in the entire game.
 C = Kills by friends in this place as a percentage of kills by friends in the entire game.
 D = Other kills in this place as a percentage of other kills in the entire game.
 E = Experience gained in this place as a percentage of experience gained in the entire game.
 F = Experience gained in this place divided by the number of levels of this place that you have seen.
                   A       B       C       D       E      F
               +-------+-------+-------+-------+-------+----------------------
         Total | 100.0 | 100.0 |   N/A |   N/A | 100.0 |  30.0
       Dungeon | 100.0 | 100.0 |   N/A |   N/A | 100.0 |  30.0
               +-------+-------+-------+-------+-------+----------------------
